 Dungeon Crawl Stone Soup version 0.30.1-3-gfc49f6343a (webtiles) character file.

Game seed: 13088222773613615663

2966 Wiggles the Cleaver (level 9, -2/79 HPs)
             Began as a Minotaur Berserker on July 19, 2023.
             Was an Elder of Trog.
             Killed from afar by an electric eel (6 damage)
             ... with a bolt of electricity
             ... on level 7 of the Dungeon.
             The game lasted 00:13:39 (7952 turns).

Wiggles the Cleaver (Minotaur Berserker)            Turns: 7952, Time: 00:13:39

Health: -2/79      AC: 16    Str: 27    XL:     9   Next: 52%
Magic:  8/8        EV:  8    Int: 10    God:    Trog [****..]
Gold:   389        SH:  0    Dex:  9    Spells: 8/8 levels left

rFire   . . .        j - +3 hand axe (freeze)
rCold   . . .        (no shield)
rNeg    . . .        o - +0 plate armour
rPois   .            (helmet restricted)
rElec   .            (no cloak)
rCorr   +            w - +1 pair of gloves
SInv    .            (no boots)
Will    .....        B - amulet of faith Stlth
                     t - ring of resist corrosion
HPRegen 0.33/turn    p - +6 ring of intelligence
MPRegen 0.11/turn

%: faith
@: studying Stealth, very slow
A: horns 2, retaliatory headbutt
a: Renounce Religion, Berserk, Trog's Hand, Brothers in Arms


You were on level 7 of the Dungeon.
You worshipped Trog.
Trog was greatly pleased with you.
You visited 1 branch of the dungeon, and saw 7 of its levels.

You collected 389 gold pieces.

Inventory:

Hand Weapons
 j - a +3 hand axe of freezing (weapon)
Missiles
 k - 4 silver javelins (quivered)
Armour
 o - a +0 plate armour (worn)
 w - a +1 pair of gloves (worn)
Jewellery
 p - a +6 ring of intelligence (right hand)
 s - a ring of protection from fire
 t - a ring of resist corrosion (left hand)
 B - an amulet of faith (around neck)
Wands
 g - a wand of polymorph (7)
 z - a wand of roots (7)
Scrolls
 e - a scroll of identify
 l - a scroll of vulnerability
 m - 2 scrolls of teleportation
 r - 2 scrolls of enchant weapon
Potions
 a - a potion of haste {unknown}
 b - a potion of mutation {unknown}
 c - 3 potions of resistance
 d - 3 potions of cancellation
 f - 3 potions of might
 h - 2 potions of lignification
 i - 7 potions of curing
 n - a potion of heal wounds {unknown}
 q - 2 potions of flight
 A - a potion of degeneration {unknown}


   Skills:
 + Level 7.5 Fighting
 + Level 11.7 Axes
 + Level 8.6 Armour
 + Level 3.2 Dodging
 + Level 1.4 Stealth
 + Level 1.1 Evocations


You had 8 spell levels left.
You didn't know any spells.
Your spell library was empty.

Dungeon Overview and Level Annotations

Branches:
Dungeon (7/15)             Temple (0/1) D:6

Altars:
Dithmenos
Elyvilon
Uskayaw
The Shining One


Innate Abilities, Weirdness & Mutations

You have a pair of horns on your head.
You reflexively headbutt those who attack you in melee.


Message History

The electric eel shoots out a bolt of lightning at you!
The bolt of electricity misses you.
The electric eel shoots out a bolt of lightning at you!
The bolt of electricity hits the plant.
The plant begins to die.
The bolt of electricity hits the electric eel.
The electric eel completely resists.
The bolt of electricity hits you. The bolt of electricity hits you!
You slash the electric eel!
The electric eel seems to slow down.
You freeze the electric eel.
The electric eel is severely wounded.
You closely miss the electric eel.
The electric eel shoots out a bolt of lightning at you!
The bolt of electricity hits you! The bolt of electricity hits you.
The bolt of electricity hits the electric eel.
The electric eel completely resists.
The bolt of electricity hits the plant!
The electric eel shoots out a bolt of lightning at you!
The bolt of electricity hits you. x2
The bolt of electricity hits the electric eel.
The electric eel completely resists.
You barely miss the electric eel. You headbutt the electric eel.
You kill the electric eel!
Trog accepts your kill.
You hear a splash.
You closely miss the electric eel.
The electric eel shoots out a bolt of lightning at you!
The bolt of electricity hits you. The bolt of electricity hits you!
The bolt of electricity hits the electric eel.
The electric eel completely resists.
The bolt of electricity hits the plant.
The electric eel shoots out a bolt of lightning at you!
The bolt of electricity hits the plant.
The bolt of electricity misses the electric eel.
The bolt of electricity hits you!
* * * LOW HITPOINT WARNING * * *
The bolt of electricity hits you!
* * * LOW HITPOINT WARNING * * *
You enter the shallow water.
Moving in this stuff is going to be slow.
The electric eel shoots out a bolt of lightning at you!
The bolt of electricity hits you.
You die...

P~~~~~ ♣~≈≈≈≈≈≈~♣ ~≈≈≈≈≈≈≈≈~
### ~≈≈≈≈≈≈≈~~♣♣###
..###♣~≈≈≈≈≈≈≈S~~♣..
.....♣~~≈≈≈≈~~≈P~♣.#
#.####~P~~≈≈~~~~S#.#
#)####SS~~~~~~~~@..#######
#...o)S~~~~~~~~~~#........
#####.~~~~~~~~~~~..######.
#.~~~~~.~~~~~#.####
#.~~.~~..~.~~.....#
#.............#.#.#
#.............#.#.#######
#....######...#.#.......#
#####.......##....#.#.#####.#


You could see 2 electric eels.

Vanquished Creatures
  A manticore (D:7)
  Menkaure (D:5)
  Edmund (D:5)
  A water moccasin (D:5)
  A black bear (D:4)
  An ogre (D:7)
  A centaur (D:5)
  2 phantoms
  A bullfrog (D:6)
  2 kobold brigands
  2 scorpions
  4 wights (D:6)
  6 electric eels (D:7)
  5 hounds
  5 orc priests
  A gnoll bouda (D:7)
  6 jellies
  2 sleepcaps (D:6)
  Terence (D:2)
  2 iguanas
  5 orc wizards
  Robin (D:3)
  8 gnolls
  10 adders
  A shadow imp (D:6)
  3 white imps
  2 ufetubi (D:5)
  5 worms
  4 dart slugs
  20 orcs
  6 ball pythons
  6 endoplasms
  5 giant cockroaches
  10 goblins
  9 hobgoblins
  4 jackals
  8 quokkas
  7 bats
  2 frilled lizards
  25 kobolds
  5 rats
192 creatures vanquished.

Vanquished Creatures (others)
  3 orcs (D:7)
3 creatures vanquished.

Grand Total: 195 creatures vanquished

Notes
Turn   | Place    | Note
-------+----------+-------------------------------------------
     0 | D:1      | Wiggles the Minotaur Berserker began the quest for the Orb.
     0 | D:1      | Reached XP level 1. HP: 19/19 MP: 0/0
   204 | D:1      | Reached skill level 4 in Axes
   219 | D:1      | Reached XP level 2. HP: 27/27 MP: 1/1
   483 | D:1      | Found a faded altar of an unknown god.
   514 | D:1      | Reached XP level 3. HP: 32/33 MP: 2/2
   819 | D:1      | Reached ** piety under Trog
  1239 | D:2      | Reached skill level 5 in Axes
  1239 | D:2      | Reached XP level 4. HP: 38/41 MP: 3/3
  1292 | D:2      | Noticed Terence
  1297 | D:2      | Killed Terence
  1487 | D:2      | Found a white marble altar of Elyvilon.
  1965 | D:3      | Noticed Robin
  1968 | D:3      | Reached XP level 5. HP: 47/47 MP: 4/4
  1976 | D:3      | Killed Robin
  1977 | D:3      | Reached skill level 5 in Fighting
  2019 | D:3      | Noticed a phantom
  2032 | D:3      | Killed a phantom
  2033 | D:3      | Reached skill level 1 in Stealth
  2037 | D:3      | Reached skill level 6 in Axes
  2038 | D:3      | Reached XP level 6. HP: 8/56 MP: 5/5
  2502 | D:3      | Found a glowing golden altar of the Shining One.
  2891 | D:3      | Reached *** piety under Trog
  2908 | D:3      | Identified the +0 ring mail of the Quahog {rF+ rN+}
  3995 | D:4      | Reached skill level 7 in Axes
  3995 | D:4      | Reached XP level 7. HP: 62/62 MP: 6/6
  4436 | D:5      | Entered Level 5 of the Dungeon
  4568 | D:5      | Reached skill level 5 in Armour
  4718 | D:5      | Reached **** piety under Trog
  4756 | D:5      | Reached skill level 8 in Axes
  4799 | D:5      | Noticed Edmund
  4807 | D:5      | Killed Edmund
  4808 | D:5      | Reached XP level 8. HP: 64/70 MP: 7/7
  4813 | D:5      | Reached skill level 1 in Evocations
  4931 | D:5      | Noticed Menkaure
  4936 | D:5      | Killed Menkaure
  4941 | D:5      | Reached skill level 9 in Axes
  5516 | D:6      | Found a shadowy altar of Dithmenos.
  5516 | D:6      | Found a hide-covered altar of Uskayaw.
  5856 | D:6      | Reached skill level 10 in Axes
  5871 | D:6      | Reached XP level 9. HP: 38/76 MP: 8/8
  6001 | D:6      | Found a staircase to the Ecumenical Temple.
  7346 | D:7      | Reached skill level 11 in Axes
  7745 | D:7      | Noticed a manticore
  7764 | D:7      | Killed a manticore
  7952 | D:7      | Killed from afar by an electric eel

Illustrated notes

Levels and vault maps discovered:
D:1:      dpeg_arrival_brainrot, layout_loops_corners,
          dreamdust_ecumenical_altar_hidden_monk_grotto,
          minmay_misc_feat_enclosed, st_stairs_9
D:2:      layout_rooms, basic_altar, chequers_garden, lightli_corner_chamber,
          uniq_terence
D:3:      layout_basic, nicolae_tso_carved_into_rock,
          minmay_randomly_rotated_circles, uniq_robin
D:4:      layout_gridville, minmay_hedge_maze, minmay_goblin_kobold_house
D:5:      layout_loops_cross, minmay_misc_feat_ornament, minmay_manual_maat,
          uniq_menkaure, uniq_edmund
D:6:      layout_rooms, mainiacjoe_overflow_divided_tiny,
          minmay_temple_entry_mist
D:7:      minmay_cornered_nines, layout_loops_ring, serial_bayou,
          serial_bayou_lagoon_a, serial_bayou_shore_a, serial_bayou_pond_c,
          serial_bayou_pond_c, serial_bayou_shore_b, serial_bayou_ford_a,
          minmay_ruined_shrine

Skill      XL: |  1  2  3  4  5  6  7  8  9 |
---------------+----------------------------+-----
Axes           | 4 5 6 7 8 10 11 | 11.7
Fighting       | 4 5 6 7 |  7.5
Armour         | 3 4 5 7 8 |  8.6
Dodging        | 3 |  3.2
Stealth        | 1 |  1.4
Evocations     | 1 |  1.1

Action                     |  1- 3 |  4- 6 |  7- 9 || total
---------------------------+-------+-------+-------++-------
  Melee: Hand axe          |    62 |   110 |   244 ||   416
         Headbutt          |    13 |    16 |    43 ||    72
         Punch             |       |     2 |     3 ||     5
 Invoke: Berserk           |       |     1 |     1 ||     2
  Evoke: Wand              |       |     6 |       ||     6
    Use: Scroll            |       |       |    16 ||    16
   Stab: Sleeping          |     1 |       |       ||     1
 Armour: Animal skin       |     8 |       |       ||     8
         Ring mail         |     4 |     3 |       ||     7
         Plate armour      |       |    72 |   122 ||   194
         Chain mail        |       |     3 |       ||     3
  Dodge: Dodged            |    25 |    46 |   101 ||   172
